 Dungeon Crawl Stone Soup version 0.29-a0-72-g1732ff48e7 (webtiles) character file.

Game seed: 450760186448704194

20239 HallandMoats the Initiated (level 12, -30/69 HPs)
             Began as a Vine Stalker Fighter on Feb 3, 2022.
             Was a Follower of Ashenzari.
             Annihilated by a titanic slime creature (83 damage)
             ... on level 12 of the Dungeon.
             The game lasted 00:20:21 (9845 turns).

HallandMoats the Initiated (Vine Stalker Fighter)   Turns: 9845, Time: 00:20:22

Health: -30/69     AC: 17    Str: 27    XL:     12   Next: 77%
Magic:  0/20       EV: 14    Int: 12    God:    Ashenzari [*.....]
Gold:   465        SH:  6    Dex: 16    Spells: 11/11 levels left

rFire   . . .      SeeInvis +   b - +5 demon trident (venom)
rCold   . . .      Faith    .   c - +0 buckler
rNeg    + + +      Spirit   +   O - +4 scale mail of Watchfulness {rPois rN+++ Dex-3 Stlth+}
rPois   +          Reflect  .   e - +0 helmet
rElec   +          Harm     .   g - +0 cloak
rCorr   .          Rampage  .   u - +1 pair of gloves of the Ruined Comet {rF+, Evo, Self} (curse)
Will    ++...                   v - +0 pair of boots "Gnostic Mistrust" {Self, Comp} (curse)
Stlth   +.........              k - amulet of the acrobat
HPRegen 1.01/turn               q - ring "Dopn" {rF- rN+ Int+4 Dex+4 SInv}
MPRegen 0.17/turn               z - ring "Qanuan" {rElec Will+ Str+4 SInv}

@: studying Dodging
A: fangs 3, regeneration 1, magic shield, antimagic bite, no potion heal 2
a: Renounce Religion, Curse Item, Shatter the Chains


You were on level 12 of the Dungeon.
You worshipped Ashenzari.
Ashenzari was aware of your devotion.
You visited 1 branch of the dungeon, and saw 12 of its levels.
You also visited: Bailey.

You collected 1255 gold pieces.
You spent 790 gold pieces at shops.

Inventory:

Hand Weapons
 a - a +5 spear
 b - a +5 demon trident of venom (weapon)
Missiles
 B - 5 throwing nets (quivered)
Armour
 c - a +0 buckler (worn)
 e - a +0 helmet (worn)
 g - a +0 cloak (worn)
 u - the cursed +1 pair of gloves of the Ruined Comet (worn) {rF+, Evo, Self}
   (You acquired it on level 5 of the Dungeon)

   rF:        It protects you from fire.
   It has a curse which improves the following skills: Evocations: Evocations.
   Introspection: Fighting and Spellcasting.
 v - the cursed +0 pair of boots "Gnostic Mistrust" (worn) {Self, Comp}
   (You found it on level 5 of the Dungeon)

   It has a curse which improves the following skills: Introspection: Fighting
   and Spellcasting.
   Companions: Summonings and Necromancy.
 O - the +4 scale mail of Watchfulness (worn) {rPois rN+++ Dex-3 Stlth+}
   (You bought it in a shop on level 12 of the Dungeon)

   Dex:       It affects your dexterity (-3).
   rPois:     It protects you from poison.
   rN:        It renders you almost immune to negative energy.
   Stlth:     It makes you more stealthy.
Jewellery
 k - an amulet of the acrobat (around neck)
 q - the ring "Dopn" (left hand) {rF- rN+ Int+4 Dex+4 SInv}
   (You found it on level 4 of the Dungeon)

   [ring of see invisible]

   Int:       It affects your intelligence (+4).
   Dex:       It affects your dexterity (+4).
   rF:        It makes you vulnerable to fire.
   rN:        It protects you from negative energy.
   SInv:      It lets you see invisible.
 w - a ring of flight
 z - the ring "Qanuan" (right hand) {rElec Will+ Str+4 SInv}
   (You took it off a kobold in a bailey)

   [ring of see invisible]

   Str:       It affects your strength (+4).
   rElec:     It insulates you from electricity.
   SInv:      It lets you see invisible.
   Will:      It increases your willpower.
 C - an amulet of magic regeneration
 I - an amulet of reflection
 J - a ring of ice
Wands
 f - a wand of paralysis (5)
 y - a wand of flame (36)
 E - a wand of iceblast (16)
 G - a wand of polymorph (21)
 K - a wand of charming (2)
 N - a wand of digging (6)
Scrolls
 i - 4 scrolls of enchant armour
 j - 3 scrolls of teleportation
 p - 6 scrolls of blinking
 s - 4 scrolls of holy word
 t - 4 scrolls of magic mapping
 x - 3 scrolls of identify
 H - a scroll of fog
Potions
 d - a potion of might
 h - 6 potions of curing
 l - 2 potions of magic
 n - 4 potions of heal wounds
 o - 5 potions of flight
 r - 2 potions of lignification
 A - 2 potions of cancellation
 D - a potion of ambrosia
 L - a potion of brilliance
 M - a potion of haste


   Skills:
 * Level 9.6(10.9) Fighting
 * Level 9.3 Polearms
 + Level 6.3 Armour
 + Level 7.8 Dodging
 + Level 7.0 Shields
 * Level 9.9 Invocations


You had 11 spell levels left.
You didn't know any spells.
Your spell library contained the following spells:

 Spells                   Type           Power      Damage    Failure   Level
 Beastly Appendage        Tmut           0%         N/A       65%         1
 Magic Dart               Conj           0%         1d3       65%         1
 Searing Ray              Conj           0%         2d4       78%         2
 Wereblood                Tmut           0%         N/A       78%         2
 Summon Guardian Golem    Hex/Summ       0%         N/A       94%         3
 Gell's Gravitas          Tloc           0%         N/A       95%         3
 Lesser Beckoning         Tloc           0%         N/A       95%         3
 Portal Projectile        Hex/Tloc       0%         N/A       95%         3
 Spider Form              Tmut/Pois      0%         N/A       95%         3
 Teleport Other           Tloc           0%         N/A       95%         3
 Tukima's Dance           Hex            0%         N/A       95%         3
 Anguish                  Hex/Necr       0%         N/A       100%        4
 Cause Fear               Hex            0%         N/A       100%        4
 Fulminant Prism          Conj/Hex       0%         3d6       100%        4
 Blade Hands              Tmut           0%         N/A       100%        5
 Excruciating Wounds      Necr           0%         N/A       100%        5
 Dragon Form              Tmut           0%         N/A       100%        7
 Enfeeble                 Hex            0%         N/A       100%        7
 Orb of Destruction       Conj           0%         9d5       100%        7
 Spellforged Servitor     Conj/Summ      0%         N/A       100%        7
 Dragon's Call            Summ           0%         N/A       100%        9


Dungeon Overview and Level Annotations

Branches:
Dungeon (12/15)            Temple (0/1) D:5            Lair (0/6) D:9
    Orc (0/2) D:11         Bailey (visited)

Altars:
Ashenzari
Cheibriados
Dithmenos
Nemelex Xobeh
Okawaru
Ru
Trog
Uskayaw
Xom
Beogh

Shops:
D:5 *   D:9 :   D:12 [


Innate Abilities, Weirdness & Mutations

You have razor-sharp teeth.
Your natural rate of healing is unusually fast.
When hurt, damage is shared between your health and your magic reserves.
Your bite disrupts and absorbs the magic of your enemies.
Potions cannot restore your health.


Message History

You bite the enormous slime creature! You drain its power.
The enormous slime creature is severely wounded.
Reach: b) +5 demon trident (venom)
Press: ? - help, Dir - move target, f/p - enormous slime creature
Aim: an enormous slime creature (severely wounded, very poisoned, about 13% to evade your +5 demon trident of venom)
You hit the enormous slime creature.
The enormous slime creature looks as sick as possible!
The enormous slime creature is severely wounded.
The enormous slime creature hits you!!!
Reach: b) +5 demon trident (venom)
Press: ? - help, Dir - move target, f/p - enormous slime creature
Aim: an enormous slime creature (severely wounded, extremely poisoned, about 13% to evade your +5 demon trident of venom)
You hit the enormous slime creature.
Your bite misses the enormous slime creature.
The enormous slime creature is severely wounded.
A large slime creature splits.
The enormous slime creature closely misses you.
Two slime creatures merge to form a titanic slime creature.
Reach: b) +5 demon trident (venom)
Press: ? - help, Dir - move target, f - you, p - titanic slime creature
Okay, then.
Aiming: Iceblast
Press: ? - help, Shift-Dir - straight line, f/p - titanic slime creature
Aim: a titanic slime creature (severely wounded, very poisoned)
The mass of ice explodes!
The iceblast engulfs the titanic slime creature!
The titanic slime creature is severely wounded.
Reach: b) +5 demon trident (venom)
Press: ? - help, Dir - move target, f/p - titanic slime creature
Aim: a titanic slime creature (severely wounded, very poisoned, about 13% to evade your +5 demon trident of venom)
You reach to attack!
You impale the titanic slime creature!!
The titanic slime creature is severely wounded.
You impale the titanic slime creature!! You bite the titanic slime creature.
You drain its power.
You feel invigorated.
The titanic slime creature is severely wounded.
You hit the titanic slime creature.
The titanic slime creature is almost dead.
The titanic slime creature hits you!!!!
Ouch! That really hurt!
You die...

#.....(.#....(......#.#
#.......#.......(...#.######
#.......####.#.#<.#.#.......
#.......# ###....#.########
#.# #########.# #.#
#.........# #.# #.#########
#.####.#.......#
#...##@#.#####.#
####.#.##J#.....#.########
#......J#J#######.#.......
#.#...#.#.##......#.######
#..#.#....##.######.# #
#...∩.....##.# #.# #
#..#.#...###.# #.# #
#.#...#..# #.# #.# #
#........# #.######.# #


You could see a titanic slime creature (poisoned) and a slime creature.

Vanquished Creatures
  Fannar (D:10)
  2 hydras (D:11)
  Harold (D:8)
  2 centaur warriors (D:12)
  3 two-headed ogres
  Pikel (D:7)
  An ugly thing (D:8)
  3 cyclopes
  A manticore (D:12)
  Maurice (D:8)
  Joseph (D:8)
  2 gargoyles
  Psyche (D:9)
  A komodo dragon (D:9)
  4 trolls
  A hornet (D:10)
  4 slime creatures
  2 wraiths
  2 shadows
  Eustachio (D:6)
  A yak (D:9)
  Grum (D:8)
  3 steam dragons
  A water moccasin (D:7)
  12 orc warriors
  An ice beast (D:7)
  3 sky beasts (D:9)
  A necrophage (D:6)
  4 wolves (D:8)
  4 ogres
  10 centaurs
  3 phantoms (D:5)
  2 kobold brigands (D:8)
  A gnoll sergeant (D:9)
  6 bullfrogs
  A wyvern zombie (D:6)
  A wyvern skeleton (D:6)
  A water moccasin skeleton (D:4)
  9 killer bees (D:11)
  An electric eel (D:8)
  5 wights (D:8)
  5 howler monkeys
  2 bullfrog zombies
  4 centaur zombies
  2 jellies (D:6)
  A centaur skeleton (D:5)
  4 hounds
  9 orc priests
  2 gnoll shamans (D:9)
  An iguana (D:6)
  14 orc wizards
  A mummy (D:12)
  A howler monkey skeleton (D:7)
  17 gnolls
  10 adders
  A shadow imp (D:6)
  A white imp (D:7)
  2 ufetubi (D:6)
  A worm (D:4)
  3 dart slugs
  33 orcs
  2 endoplasms
  5 giant cockroaches
  8 hobgoblins
  4 quokkas
  12 ball pythons
  4 bats
  2 frilled lizards
  10 goblins
  24 kobolds
  2 rats
293 creatures vanquished.

Vanquished Creatures (others)
  4 plants (D:9)
4 creatures vanquished.

Grand Total: 297 creatures vanquished

Notes
Turn   | Place    | Note
-------+----------+-------------------------------------------
     0 | D:1      | HallandMoats the Vine Stalker Fighter began the quest for
                  | the Orb.
     0 | D:1      | Reached XP level 1. HP: 11/11 MP: 2/2
   314 | D:1      | Reached XP level 2. HP: 16/16 MP: 3/3
   979 | D:2      | Reached skill level 1 in Invocations
   979 | D:2      | Reached XP level 3. HP: 19/20 MP: 2/4
  1255 | D:2      | You fall into a shaft and drop 1 floor!
  1255 | D:3      | Noticed a bullfrog
  1259 | D:3      | Killed a bullfrog
  1260 | D:3      | Gained mutation: Your natural rate of healing is unusually
                  | fast. [Vine Stalker growth]
  1260 | D:3      | Reached XP level 4. HP: 16/24 MP: 3/6
  1483 | D:2      | Reached XP level 5. HP: 28/28 MP: 7/7
  1504 | D:2      | Reached skill level 1 in Dodging
  1770 | D:3      | Found a sacrificial altar of Ru.
  2232 | D:3      | Found a faded altar of an unknown god.
  2418 | D:3      | Found a bloodstained altar of Trog.
  2538 | D:3      | Prayed at the altar of an unknown god.
  2538 | D:3      | Became a worshipper of Ashenzari the Shackled
  2612 | D:4      | Identified the ring "Dopn" {rF- rN+ Int+4 Dex+4 SInv}
  2661 | D:4      | Reached XP level 6. HP: 26/33 MP: 4/8
  3331 | D:5      | Entered Level 5 of the Dungeon
  3333 | D:5      | Identified a scroll of acquirement
  3334 | D:5      | Acquired the +1 pair of gloves of Vewk {rF+}
  3425 | D:5      | Reached XP level 7. HP: 37/37 MP: 10/10
  3838 | D:5      | Found Nuzyosit's Mayhem Merchandise.
  3982 | D:5      | Found an iron altar of Okawaru.
  4005 | D:5      | Found a staircase to the Ecumenical Temple.
  4277 | D:6      | Gained mutation: You have razor-sharp teeth. [Vine Stalker
                  | growth]
  4277 | D:6      | Reached XP level 8. HP: 43/43 MP: 11/11
  4339 | D:6      | Acquired a +4 demon trident of venom
  4406 | D:6      | Noticed Eustachio
  4415 | D:6      | Killed Eustachio
  4420 | D:6      | Reached skill level 5 in Fighting
  4512 | D:6      | Acquired a manual of Dodging
  4669 | D:6      | Reached skill level 5 in Polearms
  4669 | D:6      | Reached skill level 5 in Invocations
  4674 | D:6      | Reached XP level 9. HP: 46/48 MP: 13/13
  4884 | D:7      | Noticed Pikel
  4941 | D:7      | Found a flagged portal.
  4983 | Bailey   | Entered a bailey
  5040 | Bailey   | Identified the ring "Qanuan" {rElec Will+ Str+4 SInv}
  5150 | Bailey   | Reached * piety under Ashenzari
  5531 | D:7      | Killed Pikel
  5532 | D:7      | Reached XP level 10. HP: 46/56 MP: 13/15
  5655 | D:7      | Found a broken altar of Ashenzari.
  5746 | D:8      | Reached skill level 5 in Shields
  6061 | D:8      | Noticed Maurice
  6069 | D:8      | Killed Maurice
  6097 | D:8      | Noticed Joseph
  6107 | D:8      | Killed Joseph
  6128 | D:8      | Noticed Grum
  6138 | D:8      | Killed Grum
  6145 | D:8      | Reached skill level 5 in Dodging
  6224 | D:8      | Noticed a purple ugly thing
  6236 | D:8      | Killed a purple ugly thing
  6237 | D:8      | Reached skill level 5 in Armour
  6279 | D:8      | Noticed Harold
  6285 | D:8      | Killed Harold
  6319 | D:8      | Found a shimmering altar of Xom.
  6362 | D:8      | Found a hide-covered altar of Uskayaw.
  6673 | D:9      | Reached XP level 11. HP: 62/62 MP: 15/17
  6854 | D:9      | Found Leown's Book Shop.
  6874 | D:9      | Noticed a two-headed ogre
  6881 | D:9      | Killed a two-headed ogre
  6950 | D:9      | Noticed Psyche
  6956 | D:9      | Killed Psyche
  7027 | D:9      | Found a staircase to the Lair.
  7053 | D:9      | Found a sparkling altar of Nemelex Xobeh.
  7476 | D:10     | Entered Level 10 of the Dungeon
  7585 | D:10     | Found a shadowy altar of Dithmenos.
  7749 | D:10     | Noticed Fannar
  7775 | D:10     | Killed Fannar
  8025 | D:11     | Noticed a cyclops
  8033 | D:11     | Killed a cyclops
  8086 | D:11     | Noticed a six-headed hydra
  8123 | D:11     | Killed a six-headed hydra
  8348 | D:11     | Noticed a two-headed ogre
  8368 | D:11     | Killed a two-headed ogre
  8369 | D:11     | Reached XP level 12. HP: 49/67 MP: 11/19
  8731 | D:11     | Found a staircase to the Orcish Mines.
  8864 | D:11     | Noticed a six-headed hydra
  8869 | D:11     | Killed a six-headed hydra
  9113 | D:12     | Noticed a centaur warrior
  9213 | D:12     | Killed a centaur warrior
  9438 | D:12     | Noticed a two-headed ogre
  9450 | D:12     | Killed a two-headed ogre
  9489 | D:12     | Found a snail-covered altar of Cheibriados.
  9581 | D:12     | Noticed a centaur warrior
  9588 | D:12     | Killed a centaur warrior
  9782 | D:12     | Found Joagest's Armour Emporium.
  9793 | D:12     | Bought the +4 scale mail of Watchfulness {rPois rN+++ Dex-3
                  | Stlth+} for 790 gold pieces
  9845 | D:12     | Annihilated by a titanic slime creature

Illustrated notes

Levels and vault maps discovered:
D:1:      minmay_arrival_jagged, layout_basic, serial_curves, eino_curves_01,
          eino_curves_04
D:2:      layout_rooms
D:3:      layout_loops_ring, lightli_temple_of_fire, hangedman_ru_absence,
          shapermc_ecumenical_altar_totnotflames, guppyfry_early_lair_pool
D:4:      layout_loops_ring, minmay_snake_closets
D:5:      layout_loops_ring, okawaru_gym_becter,
          minmay_temple_entry_sparse_star, minmay_shop_mayhem,
          nicolae_zen_rock_garden
D:6:      layout_rooms, grunt_decor_resistance, uniq_eustachio
D:7:      layout_rooms, mainiacjoe_overflow_alcove_4, enter_bailey_5, uniq_pikel
D:8:      layout_loops_ring, mainiacjoe_overflow_tiny_flanked, xom_teletrap_fun,
          amcnicky_mini_pool_medium, uniq_harold, uniq_grum, uniq_joseph,
          uniq_maurice
D:9:      layout_roguey, nemelex_xobeh_ov_fountains_minmay, david_lair_shrubbed,
          serial_shops, nicolae_shop_temple_entry_statues_fountains,
          hangedman_misty_isle, uniq_psyche
D:10:     layout_basic, lemuel_round_altar, uniq_fannar
D:11:     layout_basic, minmay_orc_entry_temple_small
D:12:     layout_basic, serial_shops, nicolae_shop_advertising_works
          [nicolae_subvault_shop_adworks], slow_altar_1, uniq_urug

Skill      XL: |  1  2  3  4  5  6  7  8  9 10 11 12 |
---------------+-------------------------------------+-----
Polearms       | 2 3 4 5 6 7 8 9 |  9.3
Fighting       | 3 4 5 6 7 8 9 |  9.6
Invocations    | 1 2 3 5 6 7 9 |  9.9
Shields        | 3 4 5 6 7 |  7.0
Dodging        | 1 2 3 4 5 7 |  7.8
Armour         | 3 4 5 6 |  6.3

Action                   |  1- 3 |  4- 6 |  7- 9 | 10-12 || total
-------------------------+-------+-------+-------+-------++-------
Melee: Trident           |    61 |   173 |    32 |       ||   266
       Bite              |     9 |    38 |    60 |   140 ||   247
       Spear             |       |       |    53 |       ||    53
       Demon trident     |       |       |   153 |   456 ||   609
Invok: Curse Item        |       |     1 |     2 |       ||     3
       Shatter the Chain |       |     1 |       |       ||     1
Evoke: Wand              |       |       |       |     1 ||     1
  Use: Scroll            |       |     3 |    12 |     2 ||    17
       Potion            |       |       |     1 |     1 ||     2
Armor: Scale mail        |    12 |    65 |    60 |     1 ||   138
       Chain mail        |       |       |       |   186 ||   186
Dodge: Dodged            |    24 |    67 |    93 |   257 ||   441
Block: Buckler           |     7 |    31 |    47 |   137 ||   222

Table legend: (Time is in decaauts)
 A = Elapsed time spent in this place.
 B = Non-inter-level travel time spent in this place.
 C = Inter-level travel time spent in this place.
 D = Time resting spent in this place.
 E = Time spent auto-exploring this place.
 F = Levels seen in this place.
 G = Mean time per level.
                   A        B        C        D        E       F      G
               +--------+--------+--------+--------+--------+-----+--------+
         Total |   9891 |   9357 |    534 |    204 |   6898 |  13 |  760.8 |
       Dungeon |   9505 |   8971 |    534 |    204 |   6689 |  12 |  792.1 |
        Bailey |    386 |    386 |      0 |      0 |    209 |   1 |  386.0 |
               +--------+--------+--------+--------+--------+-----+--------+

Top non-repeatable levels by time:
    D:11: 1281 daAuts
     D:3: 1030 daAuts
     D:1: 979 daAuts
     D:5: 947 daAuts
     D:8: 882 daAuts
     D:9: 853 daAuts
     D:4: 775 daAuts
     D:6: 613 daAuts
     D:2: 596 daAuts
    D:12: 542 daAuts
    D:10: 521 daAuts
     D:7: 481 daAuts
  Bailey: 386 daAuts
